AoeStats
← Gr3at234

Nomad

508009875Analyzed
2v2 RM · 2mo ago on Sep 20, 2026· 26m 22s· 4 players
Game mode
Random Map
Map size
176×176
Population
200
Speed
Normal
Resources
Standard
Victory
Conquest
Starting age
Dark Age
Ending age
Imperial Age
RankedLock teamsTeams togetherTeam positionsShared explorationLock speedFull tech treeHidden civsTurbo modeCheats
Victory
Defeat
🇮🇳 Byzantines · India
1000
+15
🇺🇸 Wu · United States
960
+16
vs
🇨🇱 Chinese · Chile
1012
-17
🇨🇳 Persians · China
930
-14
Sad Lad
4:06 Loom
17:39 Feudal Age
18:58 Wheelbarrow
20:18 Gold Mining
24:25 Castle Age
23:29 Fletching
23:53 Fishing Lines
24:19 Padded Archer Armor
25:08 Double-Bit Axe
Gr3at234
6:39 Loom
14:48 Feudal Age
16:07 Double-Bit Axe
19:11 Wheelbarrow
21:57 Castle Age
22:32 Light Cavalry
cristobalfelipeg
5:04 Loom
18:46 Feudal Age
20:53 Wheelbarrow
19:59 Horse Collar
20:09 Double-Bit Axe
21:53 Gold Mining
23:10 Town Watch
25:29 Stone Mining
着什么急
11:18 Loom
14:04 Feudal Age
19:02 Castle Age
20:28 Double-Bit Axe
21:04 Bloodlines
20:54 Husbandry
22:22 Fishing Lines
Connection lost

Rejoining the realm…

Still unreachable

The connection could not be restored.

Session expired

The server has moved on; the page needs a fresh start.